Map: Odyssey LE

Players

Dayshi - Winner!

  • Race: Terran Terran
  • Spawn Location: 11:00

MythiC

  • Race: Terran Terran
  • Spawn Location: 5:00

Event: WCS Valencia 2017

VOD

Have the link to the VOD?

Description

Time

  • Played on: July 13, 2017, 6:37 a.m.
  • Length: 15:23

All games in this series

Show
View Real Time Build Order
Export as new Build Order

Dayshi Terran - Winner!

Build Orders: 1/1/1, Cyclone Opening 

Get SALT Encoding   

  12  0:00  SCV  
  13  0:12  SCV  
  14  0:17  Supply Depot  
  14  0:25  SCV  
  15  0:28  Refinery  
  15  0:39  SCV  
  16  0:44  Barracks  
  16  0:51  SCV  
  17  1:03  SCV  
  18  1:15  SCV  
  19  1:32  Orbital Command  
  20  1:34  Factory, Marine  
  20  1:38  Refinery  
  20  1:44  Supply Depot  
  20  1:53  Reaper  
  21  1:57  SCV  
  22  2:08  Supply Depot  
  22  2:09  SCV  
  23  2:20  Starport  
  23  2:21  SCV, Widow Mine  
  26  2:25  Marine  
  27  2:33  SCV  
  28  2:43  Barracks Tech Lab  
  28  2:50  Cyclone  
  29  3:08  Banshee  
  29  3:09  Supply Depot  
  29  3:10  Supply Depot  
  31  3:19  SCV  
  27  3:31  Marine  
  25  3:41  SCV  
  25  3:47  Cloaking Field  
  25  3:53  Banshee  
  23  4:15  SCV  
  21  4:21  Cyclone  
  24  4:26  Marine  
  24  4:27  SCV  
  25  4:41  SCV  
  25  4:54  SCV  
  25  4:58  Command Center  
  26  5:06  SCV  
  26  5:18  SCV  
  26  5:20  Supply Depot  
  27  5:30  SCV  
  28  5:47  SCV  
  28  5:49  Raven  
  31  5:50  Supply Depot  
  31  5:51  Widow Mine  
  30  6:08  SCV  
  30  6:11  Barracks Reactor  
  31  6:21  SCV, Orbital Command  
  34  6:39  Orbital Command, Factory Tech Lab, SCV  
  35  6:43  Viking  
  35  6:48  Marine  
  35  6:49  Marine  
  37  7:02  SCV  
  37  7:04  Siege Tank  
  37  7:06  Marine x2, SCV  
  41  7:13  Raven  
  41  7:14  SCV  
  44  7:18  SCV  
  45  7:26  Marine x2, SCV  
  48  7:30  SCV  
  48  7:36  Siege Tank  
  52  7:39  SCV  
  52  7:43  SCV  
  54  7:51  SCV  
  57  7:55  SCV  
  57  7:56  Barracks  
  56  7:59  Barracks  
  56  8:01  Marine  
  56  8:02  Stimpack  
  56  8:03  SCV  
  56  8:05  Starport Reactor  
  58  8:07  SCV, Engineering Bay  
  58  8:08  Supply Depot  
  57  8:15  SCV  
  57  8:19  SCV  
  57  8:22  Marine  
  57  8:24  Siege Tank  
  61  8:27  SCV  
  61  8:31  SCV  
  60  8:39  SCV  
  56  8:43  SCV  
  56  8:48  Marine x2  
  55  8:49  Marine  
  55  8:51  SCV  
  58  8:58  SCV  
  58  8:59  Starport Reactor  
  59  9:03  SCV  
  59  9:04  Refinery  
  59  9:05  Marine x2, Refinery, Terran Infantry Weapons Level 1, Supply Depot x2  
  59  9:06  Marine x2  
  59  9:07  Siege Tank  
  67  9:14  Marine  
  66  9:17  SCV x2  
  66  9:23  Marine x2  
  62  9:38  Marine x3  
  63  9:41  Marine  
  63  9:43  SCV x2  
  63  9:44  Marine  
  69  9:46  Medivac x2  
  69  9:47  Siege Tank  
  76  9:55  Supply Depot  
  76  9:56  Marine x3, SCV x2  
  76  9:58  Marine  
  76  9:59  Supply Depot  
  82  10:02  Marine  
  82  10:03  Combat Shields  
  83  10:08  SCV x2  
  83  10:13  Marine  
  86  10:16  Marine x3  
  86  10:19  Siege Tank  
  92  10:23  Supply Depot  
  89  10:37  Marine  
  89  10:39  Medivac x2  
  88  10:51  Siege Tank  
  88  10:52  Marine x4  
  88  10:56  Command Center  
  95  10:59  Terran Infantry Armor Level 1  
  95  11:02  SCV x2  
  97  11:11  Marine x4  
  97  11:12  Marine  
  97  11:14  Medivac  
  97  11:16  Medivac  
  97  11:29  Marine x3  
  91  11:52  Marine  
  91  11:53  Siege Tank, Marine x3  
  90  11:55  Marine, Medivac x2  
  90  11:59  Barracks  
  90  12:00  Supply Depot  
  90  12:01  Barracks, Engineering Bay  
  95  12:04  Armory  
  95  12:05  SCV x2  
  97  12:09  Orbital Command  
  97  12:10  Marine  
  97  12:11  Marine  
  97  12:13  Marine x2  
  97  12:14  Marine  
  92  12:28  Orbital Command  
  92  12:29  Marine x2  
  92  12:31  Marine  
  92  12:33  Siege Tank  
  91  12:39  SCV x2  
  86  12:55  SCV x2  
  88  13:01  Marine  
  88  13:02  Marine  
  88  13:03  Marine  
  88  13:05  Marine x2  
  85  13:13  Barracks Reactor x2  
  85  13:19  Marine x2  
  84  13:20  Marine  
  84  13:23  Marine  
  90  13:27  Siege Tank, Marine  
  90  13:31  Liberator  
  90  13:34  Liberator  
  90  13:37  Marine x2  
  90  13:38  Marine  
  90  13:41  Marine  
  83  13:45  Marine  
  88  13:55  Marine x2  
  92  13:56  Marine  
  92  13:58  Marine x2  
  92  13:59  Marine  
  92  14:01  Marine  
  88  14:03  Marine  
  88  14:04  Marine  
  86  14:12  Siege Tank  
  86  14:13  Marine x2  
  86  14:14  Marine  
  86  14:16  Marine x3  
  92  14:19  Marine  
  92  14:20  Marine  
  92  14:22  Marine  
  86  14:30  Marine  
  86  14:31  Marine  
  85  14:34  SCV x3  
  85  14:35  Marine x4  
  92  14:44  Siege Tank  
  95  14:46  SCV  
  95  14:47  SCV, Marine  
  95  14:48  Marine  
  95  14:49  Marine  
  100  14:53  Refinery  
  100  14:54  Refinery  
  100  14:58  SCV x2  
  104  15:01  Marine x2  
  104  15:04  SCV, Marine  
Show
View Real Time Build Order
Export as new Build Order

MythiC Terran 

Build Orders:  

Get SALT Encoding   

  12  0:02  SCV  
  13  0:14  SCV  
  14  0:18  Supply Depot  
  14  0:26  SCV  
  15  0:43  Barracks  
  15  0:44  Refinery  
  15  0:50  SCV  
  16  1:04  Barracks  
  16  1:07  SCV  
  17  1:20  SCV  
  18  1:30  Barracks Tech Lab  
  18  1:32  Orbital Command  
  18  1:41  Supply Depot  
  18  1:48  Marauder  
  18  1:52  Barracks Tech Lab  
  20  1:55  Concussive Shells  
  20  1:59  SCV  
  21  2:10  Marauder  
  21  2:14  Marauder  
  25  2:19  SCV  
  26  2:23  Refinery  
  26  2:31  Marauder  
  28  2:37  Supply Depot  
  28  2:42  Marauder  
  30  2:47  SCV  
  30  3:01  Marauder  
  30  3:02  SCV  
  32  3:07  Marauder  
  34  3:19  SCV  
  35  3:22  Marauder  
  35  3:27  Supply Depot  
  37  3:34  SCV  
  36  3:46  SCV  
  37  3:51  Marauder  
  37  3:54  Factory  
  39  3:55  Supply Depot  
  39  3:58  SCV  
  34  4:08  Engineering Bay  
  30  4:10  SCV  
  31  4:17  Marauder  
  31  4:23  SCV  
  32  4:41  Missile Turret  
  32  4:44  Missile Turret  
  31  4:49  Cyclone  
  34  4:57  SCV  
  32  5:12  SCV  
  32  5:14  Starport  
  33  5:21  Cyclone  
  34  5:35  Liberator  
  34  5:36  SCV  
  34  5:49  SCV  
  34  5:54  Cyclone  
  40  6:01  SCV  
  38  6:13  Supply Depot x2  
  38  6:28  Command Center  
  38  6:30  Cyclone  
  39  6:46  SCV  
  39  6:49  Viking  
  39  6:50  Barracks Reactor  
  40  6:55  Barracks  
  40  7:00  SCV  
  40  7:01  Barracks Reactor  
  40  7:09  Cyclone  
  40  7:12  SCV  
  44  7:23  Medivac  
  46  7:32  Command Center  
  46  7:39  Marine  
  47  7:48  Marine  
  47  7:49  Cyclone  
  51  7:53  Barracks Tech Lab  
  51  8:01  Supply Depot  
  51  8:03  SCV  
  52  8:17  SCV  
  50  8:21  Marine x3  
  50  8:22  Stimpack  
  53  8:32  SCV  
  50  8:39  Marine  
  50  8:40  Marine  
  49  8:41  Medivac  
  47  8:49  Marine  
  48  8:57  Marine  
  49  9:03  SCV  
  49  9:06  SCV  
  51  9:10  Marine x2  
  51  9:15  SCV  
  54  9:19  Marine  
  54  9:23  Factory Tech Lab  
  55  9:25  Orbital Command  
  55  9:27  SCV  
  55  9:28  Marine  
  55  9:30  Marine  
  58  9:31  Terran Infantry Weapons Level 1  
  55  9:39  SCV  
  55  9:41  Marine  
  55  9:43  Starport Reactor  
  57  9:46  Marine  
  57  9:47  Refinery  
  57  9:49  Siege Tank  
  57  9:51  SCV, Marine  
  63  9:56  SCV  
  63  9:59  Marine  
  65  10:00  Supply Depot  
  65  10:05  Marine  
  67  10:09  Marine  
  67  10:10  Supply Depot  
  67  10:17  Marine  
  67  10:19  Liberator, Bunker, Supply Depot  
  68  10:21  Siege Tank, Liberator  
  68  10:23  Marine, Combat Shields  
  68  10:28  Marine  
  72  10:35  Marine  
  68  10:41  Marine  
  75  10:48  Marine  
  73  10:53  Marine  
  74  10:59  Marine  
  74  11:02  Siege Tank  
  77  11:06  Marine  
  77  11:09  Supply Depot  
  77  11:14  Marine  
  77  11:17  Marine  
  78  11:22  SCV  
  78  11:24  Marine  
  69  11:27  SCV  
  69  11:32  Marine  
  68  11:33  Medivac  
  68  11:34  SCV, Marine  
  68  11:39  SCV  
  73  11:41  Marine  
  73  11:46  SCV  
  70  11:50  Marine  
  70  11:52  Marine  
  67  11:56  SCV  
  67  11:59  SCV, Marine  
  70  12:04  Siege Tank  
  70  12:07  Marine  
  70  12:08  SCV  
  74  12:11  SCV  
  69  12:18  Marine  
  69  12:20  SCV  
  62  12:25  Marine  
  62  12:29  Marine  
  59  12:30  SCV  
  59  12:35  SCV  
  59  12:36  Marine  
  59  12:43  SCV, Marine  
  58  12:47  SCV, Marine  
  60  12:56  SCV  
  61  12:59  Marine  
  61  13:01  Marine  
  61  13:05  Marine  
  64  13:14  Siege Tank, SCV  
  64  13:16  Marine  
  64  13:19  Marine  
  70  13:29  Medivac x2  
  70  13:30  Marine  
  72  13:34  Marine  
  72  13:36  Marine  
  71  13:47  Marine  
  72  13:52  Marine  
  72  13:54  Marine  
  74  13:59  Command Center  
  73  14:03  SCV  
  73  14:05  Marine  
  75  14:10  Marine  
  75  14:12  Marine  
  75  14:14  Siege Tank  
  61  14:33  Marine x2, Refinery  
  59  14:44  Barracks  
  59  14:48  SCV  
  59  14:49  SCV  
  59  14:50  Marine x2  
  66  14:54  Marine x2  
  68  15:01  SCV x2  
  68  15:03  Starport Reactor  
  70  15:07  Missile Turret  
  70  15:08  Missile Turret  
Tags
 
Add a new tag
Caveats
  • Supply blocks, unpowered buildings, or Contaminate may cause inaccurate times.
  • Supply counts are checked every 10 seconds.